 Dungeon Crawl Stone Soup version 0.31.0-11-ge490571c62 (webtiles) character file.

Game seed: 11099432956735820236

456118 Drazool the Stormcaller (level 24, -10/266 (276) HPs)
             Began as a Naga Summoner on Jan 31, 2024.
             Was a High Priest of Sif Muna.
             Killed from afar by a Brimstone Fiend (17 damage)
             ... with damnation
             ... summoned by a deep elf demonologist
             ... on level 5 of the Vaults on Feb 2, 2024.
             The game lasted 05:09:40 (77096 turns).

Drazool the Stormcaller (Naga Summoner)            Turns: 77096, Time: 05:09:42

HP:   -10/266 (276) AC: 33    Str: 13    XL:     24   Next: 39%
MP:   40/51         EV: 13    Int: 37    God:    Sif Muna [*****.]
Gold: 7699          SH:  0    Dex: 17    Spells: 1/53 levels left

rFire   . . .        d - staff "Grim" {rElec Str-5 Int+5 Air, !a}
rCold   + . .        (no shield)
rNeg    + . .        k - melded +3 leather armour {rF+}
rPois   ∞            K - +2 helmet {Int+3}
rElec   +            h - +2 cloak {Will+}
rCorr   .            u - melded +1 pair of gloves of the Fiend {rC+ Str+5}
SInv    +            i - melded +0 barding "Cecimem" {Dex+3 Slay+2}
Will    +++++        W - amulet "Nyanit" {Faith rC+ Will+}
Stlth   ++++         I - +6 ring of intelligence
HPRegen 0.64/turn    J - ring of Zin's Fury {rPois MP+9 Str+6 Dex+2}
MPRegen 0.32/turn

%: faith
@: statue-form, lightly drained, very slow
A: slow and powerful, torment resistance 1, boosted hp, AC +8, large, see
invisible, deformed body, poison resistance, (slowness 2), spit poison 1, naga
tail 2
}: 2/15 runes: decaying, serpentine
a: Spit Poison, Begin Untransformation, Renounce Religion, Channel Magic, Forget
Spell, Divine Exegesis


You were on level 5 of the Vaults.
You worshipped Sif Muna.
Sif Muna was extremely pleased with you.
You were a living statue of rough stone.
You visited 9 branches of the dungeon, and saw 43 of its levels.
You also visited: Trove, Gauntlet, Ice Cave, Volcano and Wizlab.

You collected 9948 gold pieces.
You spent 2249 gold pieces at shops.


Innate Abilities, Weirdness & Mutations

You are a living statue of rough stone.
Your actions are slow, but your melee attacks are powerful.
You are resistant to unholy torment.
Your maximum health is greatly increased.
Your equipment is partially melded.
((Your serpentine skin is tough. (AC +8)))
You are immune to poison.
You have supernaturally acute eyesight. (SInv)
Armour fits poorly on your strangely shaped body.
Your system is resistant to poisons. (rPois)
((You cover ground very slowly.))
You can spit poison.
You can use your snake-like lower body to constrict enemies.


   Skills:
 - Level 12.0 Fighting
 - Level 4.0 Armour
 - Level 6.0 Dodging
 - Level 9.0 Stealth
 - Level 4.0 Shields
 - Level 15.0 Spellcasting
 - Level 10.0 Conjurations
 - Level 4.0 Hexes
 - Level 16.0 Summonings
 - Level 11.0 Translocations
 - Level 14.0 Fire Magic
 + Level 18.0 Air Magic
 - Level 10.0 Earth Magic
 - Level 10.0 Invocations
 - Level 5.0 Evocations
 - Level 16.0 Shapeshifting


You had one spell level left.
You knew the following spells:

 Your Spells              Type           Power      Damage    Failure   Level
c - Call Imp              Summ           100%       N/A       0%          2
d - Summon Lightning Spi  Summ/Air       100%       N/A       0%          4
h - Summon Hydra          Summ           49%        N/A       1%          7
l - Lee's Rapid Deconstr  Erth           40%        3d20*     1%          5
m - Maxwell's Capacitive  Air            63%        ∞         5%          8
s - Spellforged Servitor  Conj/Summ      44%        N/A       5%          7
v - Summon Mana Viper     Hex/Summ       80%        N/A       1%          5
X - Summon Blazeheart Go  Fire/Summ      95%        N/A       1%          4
Y - Plasma Beam           Fire/Air       60%        2x1d76    1%          6
Z - Iskenderun's Mystic   Conj/Tloc      81%        2d16      1%          4

Your spell library contained the following spells:

 Spells                   Type           Power      Damage    Failure   Level
 Apportation              Tloc           100%       N/A       0%          1
 Foxfire                  Conj/Fire      100%       2x1d9     0%          1
 Shock                    Conj/Air       100%       1d9       0%          1
 Summon Small Mammal      Summ           100%       N/A       0%          1
 Magic Dart               Conj           100%       1d8       1%          1
 Sandblast                Erth           100%       2d20      1%          1
 Sting                    Conj/Alch      100%       1d9       1%          1
 Scorch                   Fire           100%       2d9       0%          2
 Static Discharge         Conj/Air       100%       3-8/arc   0%          2
 Call Canine Familiar     Summ           98%        N/A       0%          3
 Swiftness                Air            100%       N/A       0%          3
 Airstrike                Air            63%        2d(10-26) 0%          4
 Cigotuvi's Dreadful Rot  Necr/Alch/Air  100%       N/A       1%          2
 Ensorcelled Hibernation  Hex/Ice        84%        N/A       1%          2
 Jinxbite                 Hex            100%       N/A       1%          2
 Mercury Vapours          Alch/Air       100%       N/A       1%          2
 Momentum Strike          Conj/Tloc      100%       3d10      1%          2
 Searing Ray              Conj           100%       2d8       1%          2
 Confusing Touch          Hex            55%        N/A       1%          3
 Dazzling Flash           Conj/Hex       100%       N/A       1%          3
 Gell's Gravitas          Tloc           83%        N/A       1%          3
 Hailstorm                Conj/Ice       59%        3d11      1%          3
 Inner Flame              Hex/Fire       76%        N/A       1%          3
 Mephitic Cloud           Conj/Alch/Air  98%        N/A       1%          3
 Passwall                 Erth           80%        N/A       1%          3
 Sigil of Binding         Hex            55%        N/A       1%          3
 Stone Arrow              Conj/Erth      100%       3d13      1%          3
 Summon Ice Beast         Ice/Summ       72%        N/A       1%          3
 Teleport Other           Tloc           83%        N/A       1%          3
 Tukima's Dance           Hex            55%        N/A       1%          3
 Volatile Blastmotes      Fire/Tloc      100%       2d18      1%          3
 Animate Armour           Summ/Erth      100%       N/A       1%          4
 Dimensional Bullseye     Hex/Tloc       35%        N/A       1%          4
 Flame Wave               Conj/Fire      86%        2d18      1%          4
 Fulminant Prism          Conj/Alch      29%        3d14      1%          4
 Ignite Poison            Fire/Alch      68%        N/A       1%          4
 Leda's Liquefaction      Alch/Erth      29%        N/A       1%          4
 Manifold Assault         Tloc           83%        N/A       1%          4
 Martyr's Knell           Necr/Summ      72%        N/A       1%          4
 Sticky Flame             Fire/Alch      68%        2d11      1%          4
 Vhi's Electric Charge    Tloc/Air       100%       N/A       1%          4
 Arcjolt                  Conj/Air       57%        1d67      1%          5
 Fireball                 Conj/Fire      43%        3d17      1%          5
 Freezing Cloud           Conj/Ice/Air   49%        6-21      1%          5
 Silence                  Hex/Air        52%        N/A       1%          5
 Summon Forest            Summ/Tloc      45%        N/A       1%          5
 Conjure Ball Lightning   Conj/Air       57%        3x3d21    1%          6
 Starburst                Conj/Fire      43%        6d12      1%          6
 Summon Cactus Giant      Summ           49%        N/A       1%          6
 Monstrous Menagerie      Summ           49%        N/A       1%          7
 Cause Fear               Hex            27%        N/A       2%          4
 Ozocubu's Armour         Ice            27%        N/A       3%          3
 Vampiric Draining        Necr           27%        2d7       3%          3
 Bombard                  Conj/Erth      40%        9d7       3%          6
 Borgnjor's Vile Clutch   Necr/Erth      29%        N/A       4%          5
 Irradiate                Conj/Alch      29%        3d21      4%          5
 Malign Gateway           Summ/Tloc      45%        N/A       4%          7
 Anguish                  Hex/Necr       21%        N/A       5%          4
 Summon Horrible Things   Summ           49%        N/A       12%         8
 Animate Dead             Necr           27%        N/A       13%         4
 Dispel Undead            Necr           27%        3d13      13%         4
 Olgreb's Toxic Radiance  Alch           27%        N/A       13%         4
 Yara's Violent Unravell  Hex/Alch       21%        3d10      16%         5
 Ignition                 Fire           46%        3d13      26%         8
 Alistair's Intoxication  Alch           18%        N/A       34%         5
 Haunt                    Necr/Summ      36%        N/A       38%         7
 Disjunction              Tloc           41%        N/A       67%         8
 Lehudib's Crystal Spear  Conj/Erth      40%        10d10     80%         8
 Dragon's Call            Summ           49%        N/A       88%         9
 Death Channel            Necr           13%        N/A       89%         6
 Eringya's Noxious Bog    Alch           13%        4d6       89%         6
 Sculpt Simulacrum        Ice/Alch       13%        N/A       89%         6
 Enfeeble                 Hex            27%        N/A       91%         7
 Chain Lightning          Conj/Air       57%        3d76      99%         9
 Ozocubu's Refrigeration  Ice            13%        4d10      100%        7
 Discord                  Hex            27%        N/A       100%        8
 Infestation              Necr           13%        N/A       100%        8
 Fire Storm               Conj/Fire      43%        8d11      100%        9
 Polar Vortex             Ice            13%        12d1*     100%        9

Inventory:

Missiles
 a - 22 curare-tipped darts {=f}
 V - 7 silver javelins
Armour
 b - the +0 barding "Odiyps" {rC+ rCorr Slay+3}
   (You found it in a treasure trove)

   Slay+3:    It affects your accuracy & damage with ranged weapons and melee
   (+3).
   rC+:       It protects you from cold.
   rCorr:     It protects you from acid and corrosion.
 h - a +2 cloak of willpower (worn)
 i - the +0 barding "Cecimem" (melded) {Dex+3 Slay+2}
   (You acquired it on level 1 of the Lair of Beasts)

   Dex+3:     It affects your dexterity (+3).
   Slay+2:    It affects your accuracy & damage with ranged weapons and melee
   (+2).
 k - a +3 leather armour of fire resistance (melded)
 l - a +2 buckler
 u - the +1 pair of gloves of the Fiend (melded) {rC+ Str+5}
   (You found it on level 3 of the Dungeon)

   Str+5:     It affects your strength (+5).
   rC+:       It protects you from cold.
 K - a +2 helmet of intelligence (worn)
Magical Staves
 d - the staff "Grim" (weapon) {rElec Str-5 Int+5 Air, !a}
   (You took it off a minotaur in a Gauntlet)

   [staff of air]

   Base accuracy: +5 Base damage: 5 Base attack delay: 1.2 This weapon's minimum
   attack delay (0.6) is reached at skill level 12.
   Str-5:     It affects your strength (-5).
   Int+5:     It affects your intelligence (+5).
   rElec:     It insulates you from electricity.
   Air:       It increases the power of your Air spells.
   It falls into the 'Staves' category.
   It is a one-handed weapon.
 G - the staff of the Rescuing Seeker {rF++ rN+ rCorr Int+8 Stlth- Necro, !a}
   (You found it on level 3 of the Elven Halls)

   [staff of death]

   Base accuracy: +5 Base damage: 5 Base attack delay: 1.2 This weapon's minimum
   attack delay (0.6) is reached at skill level 12.
   Int+8:     It affects your intelligence (+8).
   rF++:      It greatly protects you from fire.
   rN+:       It protects you from negative energy.
   rCorr:     It protects you from acid and corrosion.
   Stlth-:    It makes you less stealthy.
   Necro:     It increases the power of your Necromancy spells.
   It falls into the 'Staves' category.
   It is a one-handed weapon.
Jewellery
 f - the ring of Haunuq {*Slow rN++ MP+9 Str+6 Int+3}
   (You found it in a treasure trove)

   [ring of strength]

   Str+6:     It affects your strength (+6).
   Int+3:     It affects your intelligence (+3).
   rN++:      It greatly protects you from negative energy.
   MP+9:      It affects your magic capacity (+9).
   *Slow:     It may slow you when you take damage.
 C - an amulet of guardian spirit
 F - the ring of Ru's Displeasure {Fire Int+2}
   (You found it in a Gauntlet)

   [ring of fire]

   Fire:      It enhances your fire magic.
   Int+2:     It affects your intelligence (+2).
   rF+:       It protects you from fire.
   rC-:       It makes you vulnerable to cold.
 I - a +6 ring of intelligence (left fist)
 J - the ring of Zin's Fury (right fist) {rPois MP+9 Str+6 Dex+2}
   (You found it in a treasure trove)

   [ring of strength]

   Str+6:     It affects your strength (+6).
   Dex+2:     It affects your dexterity (+2).
   rPois:     It protects you from poison MP+9: It affects your magic capacity
   (+9).
 W - the amulet "Nyanit" (around neck) {Faith rC+ Will+}
   (You bought it in a shop on level 2 of the Dungeon)

   [amulet of faith]

   Faith:     It allows you to gain divine favour quickly.
   rC+:       It protects you from cold.
   Will+:     It increases your willpower.
Talismans
 x - a granite talisman (active)
Wands
 g - a wand of mindburst (18)
 j - a wand of flame (36)
 H - a wand of acid (35)
 M - a wand of digging (6)
 N - a wand of iceblast (16)
 Q - a wand of paralysis (19)
 Z - a wand of polymorph (17)
Scrolls
 c - 10 scrolls of identify {@r1}
 e - 4 scrolls of teleportation {@r2}
 m - 5 scrolls of amnesia
 s - 7 scrolls of revelation
 y - 6 scrolls of fear
 E - 2 scrolls of brand weapon
 L - 9 scrolls of immolation
 O - 9 scrolls of poison
 R - 5 scrolls of summoning
 U - 7 scrolls of fog
Potions
 p - 16 potions of curing {@q1}
 q - a potion of cancellation
 r - 5 potions of attraction
 t - a potion of magic
 v - 5 potions of lignification
 w - 9 potions of enlightenment
 z - 13 potions of mutation
 A - 9 potions of might
 B - 5 potions of invisibility
 Y - 6 potions of brilliance
Miscellaneous
 o - a phantom mirror
 P - a lightning rod (4/4)
 S - a box of beasts
 X - a condenser vane

Dungeon Overview and Level Annotations

Branches:
Dungeon (15/15)            Temple (1/1) D:6            Lair (5/5) D:9
  Swamp (4/4) Lair:2        Snake (4/4) Lair:3        Slime (0/5) Lair:4
    Orc (2/2) D:9             Elf (3/3) Orc:2        Vaults (5/5) D:14
  Crypt (0/3) Vaults:3     Depths (4/4) D:15            Zot (0/5) Depths:4
  IceCv (visited)         Volcano (visited)          WizLab (visited)
Gauntlet (visited)

Altars:
Ashenzari
Cheibriados
Dithmenos
Elyvilon
Fedhas
Gozag
Hepliaklqana
Kikubaaqudgha
Makhleb
Nemelex Xobeh
Okawaru
Qazlal
Ru
Sif Muna
Trog
Uskayaw
Vehumet
Wu Jian
Xom
Yredelemnul
Zin
The Shining One

Shops:
D:2 =   D:6 !=[!   D:9 (   Orc:2 :[*(   Snake:1 **   Snake:3 ?   Vaults:3 ?
Vaults:4 *   Vaults:5 [   Depths:1 *((   Depths:3 (**

Portals:
Hell: Depths:1 Depths:2 Depths:3 Depths:4
Abyss: Swamp:1 Depths:3 Depths:4
Pandemonium: Depths:2
Ziggurat: Depths:3

Annotations:
D:15 1 runed translucent door, Lyniq's ghost, journeyman DrSh
Swamp:1 2 transporters, Zoigrime's ghost, adept FoFi
Elf:2 5 runed translucent doors
Vaults:2 1 exclusion

░ ░..........░ ░
░..........░T.░ ░
░...p......░..░ ░
░......p...░..░ ░
░.D........░..░
....D...░░+░░.[░..░
.......^░ ░.p░..░
░░'░░...░ ░..░..░
░. ░...░ ░..░8.░ ░
░...░░░░░..░1.░
░..........░32░
░.........4░..░
...........░
░░░░░░░....░
$.....░ ........░
..^.......░


You could see a Brimstone Fiend (summoned), a balrug (summoned), a soul eater
(summoned) and a deep troll (fleeing).


Message History

You feel a little less clever now.
The deep elf demonologist gestures wildly while chanting.
Unknown command.
As you read the scroll of fear, it crumbles to dust.
You assume a fearsome visage.
The Brimstone Fiend is unaffected.
The balrug resists with almost no effort.
The soul eater easily resists.
The deep elf demonologist looks frightened!
The ettin looks frightened!
The orange demon looks frightened!
Your spellforged servitor disappears in a puff of smoke!
A deep troll comes into view.
The Brimstone Fiend gestures at you.
The sphere of damnation explodes!
The damnation engulfs you!!
* * * LOW HITPOINT WARNING * * *
The damnation engulfs the Brimstone Fiend.
The Brimstone Fiend completely resists.
You hear a shout! x2
Casting: Maxwell's Capacitive Coupling (dangerous; 5% risk of failure)
Confirm with . or Enter, or press ? or * to list all spells.
Casting: Plasma Beam (mildly dangerous; 1% risk of failure)
Press: ? - help, Dir - look around, f - activate
Okay, then.
As you read the scroll of fear, it crumbles to dust.
You assume a fearsome visage.
The vault warden looks frightened!
The Brimstone Fiend is unaffected.
The balrug resists with almost no effort.
The soul eater easily resists.
The deep troll looks frightened!
The Brimstone Fiend gestures at you.
The sphere of damnation explodes!
The damnation engulfs you!
You die...

Skill      XL: |  1  2  3  4  5  6  7  8  9 10 11 12 13 14 15 16 17 18 19 20 21 22 23 24 |
---------------+-------------------------------------------------------------------------+-----
Summonings     | 5 6 7 8 10 12 13 14 15 16 | 16.0
Spellcasting   | 3 4 5 6 7 8 9 10 11 12 13 15 | 15.0
Fire Magic     | 3 6 7 8 11 12 13 14 | 14.0
Fighting       | 4 5 7 8 9 10 11 12 | 12.0
Dodging        | 3 4 5 6 |  6.0
Invocations    | 6 7 8 10 | 10.0
Air Magic      | 6 7 9 11 13 14 16 17 18 | 18.0
Stealth        | 5 7 9 |  9.0
Evocations     | 4 5 |  5.0
Shapeshifting  | 4 7 10 12 15 16 | 16.0
Conjurations   | 5 8 10 | 10.0
Translocations | 5 7 11 | 11.0
Hexes          | 4 |  4.0
Shields        | 4 |  4.0
Earth Magic    | 9 10 | 10.0
Armour         | 4 |  4.0

Action                     |  1- 3 |  4- 6 |  7- 9 | 10-12 | 13-15 | 16-18 | 19-21 | 22-24 || total
---------------------------+-------+-------+-------+-------+-------+-------+-------+-------++-------
  Melee: Unarmed           |     5 |       |       |       |       |       |       |       ||     5
         Dagger            |     9 |    30 |    20 |    70 |    44 |       |       |       ||   173
         Punch             |       |       |       |     1 |     4 |       |       |       ||     5
         Constrict         |       |       |       |       |    51 |     8 |    11 |     3 ||    73
         Staff             |       |       |       |       |   110 |    43 |    54 |    15 ||   222
  Throw: Dart              |       |       |       |       |     3 |       |       |       ||     3
   Cast: Summon Small Mamm |    41 |    22 |     3 |     3 |     1 |       |       |       ||    70
         Call Imp          |     4 |     7 |     1 |       |     2 |       |       |       ||    14
         Call Canine Famil |     1 |    17 |    13 |    10 |    28 |     5 |       |       ||    74
         Summon Blazeheart |       |       |    36 |    88 |   125 |     4 |       |       ||   253
         Summon Lightning  |       |       |       |    17 |   150 |    15 |     3 |       ||   185
         Plasma Beam       |       |       |       |       |    28 |   527 |   473 |   189 ||  1217
         Iskenderun's Myst |       |       |       |       |     1 |    53 |     8 |    32 ||    94
         Summon Mana Viper |       |       |       |       |       |    14 |    10 |       ||    24
         Lee's Rapid Decon |       |       |       |       |       |       |     7 |     4 ||    11
         Summon Hydra      |       |       |       |       |       |       |    40 |     6 ||    46
         Spellforged Servi |       |       |       |       |       |       |       |    78 ||    78
         Maxwell's Capacit |       |       |       |       |       |       |       |    61 ||    61
 Invoke: Channel Magic     |       |       |       |     2 |     5 |    19 |    17 |    17 ||    60
Ability: Spit Poison       |       |     3 |     1 |     2 |     1 |       |       |       ||     7
  Evoke: Wand              |       |       |       |     3 |    13 |    21 |     2 |     1 ||    40
         Lightning rod     |       |       |       |       |     1 |     1 |       |       ||     2
    Use: Potion            |     1 |       |     1 |     5 |     4 |     3 |     3 |     8 ||    25
         Scroll            |       |       |     8 |    14 |    22 |     6 |     5 |    25 ||    80
   Stab: Sleeping          |       |     1 |       |       |       |       |       |       ||     1
         Distracted        |       |     1 |     1 |     1 |     5 |     3 |     1 |       ||    12
         Petrified         |       |       |       |       |     1 |       |       |       ||     1
 Armour: Robe              |     5 |    32 |    68 |    43 |       |       |       |       ||   148
         Leather armour    |       |       |       |   104 |   450 |   362 |    69 |       ||   985
         Skin              |       |       |       |       |       |     6 |   296 |   851 ||  1153
  Dodge: Dodged            |     5 |    23 |    33 |    52 |   185 |   109 |   145 |   349 ||   901
  Block: Buckler           |       |       |       |       |       |    12 |     7 |       ||    19
         Form:             |       |       |       |       |       |     2 |       |       ||     2
         Serpent           |       |       |       |       |       |     2 |       |       ||     2
         Statue            |       |       |       |       |       |     1 |     1 |       ||     2

Levels and vault maps discovered:
D:1:      scummos_arrival_checkerplants, layout_basic, basic_ecumenical_altar,
          minmay_pentomino_s2
D:2:      layout_basic, serial_shops, nicolae_shop_tiny_real_fake_doors
D:3:      layout_basic
D:4:      layout_gridville, hangedman_abyss_or_decor_slice, uniq_eustachio
D:5:      layout_basic, mainiacjoe_overflow_six_doors_small, uniq_menkaure
D:6:      layout_gridville, temple_statues, serial_shops,
          nicolae_shop_tiny_statue_garden, shop, nicolae_shop_real_fake_doors,
          shop, st_stairs_12, minmay_alternating_orb, uniq_grinder,
          uniq_jeremiah
D:7:      layout_loops_ring, uniq_maurice
D:8:      layout_cave_pools, mainiacjoe_overflow_big_doors, nrook_pool_corridor
D:9:      layout_loops_corners, dpeg_lair_monsters, orc_david_3, uniq_maggie
D:10:     layout_irregular_city, nicolae_underground_beach
D:11:     layout_cave_pools, gauntlet_entry_generic, introduction_to_nature_2
D:12:     layout_basic
D:13:     layout_roguey
D:14:     layout_roguey, hangedman_vaults_entry_quadrant_bands,
          kennysheep_boxes, uniq_roxanne, uniq_jorgrun
D:15:     hangedman_depths_entry_civil_slaughter, layout_rooms,
          chequers_mini_garden, ebering_ghost_xom, uniq_azrael, uniq_louise,
          uniq_rupert, uniq_nessos
Temple:   hellmonk_temple_of_storms
Lair:1:   cheibrodos_lair_river_kwai, layout_loops_ring, uniq_sonja
Lair:2:   layout_chaotic_city, palyth_hydra_swamp_entry, portal_ice_cave_rime,
          pond, grunt_megastairs_5
Lair:3:   beast_lair_carwin_large_2, layout_chaotic_city,
          nicolae_snake_entry_warm_welcome, lemuel_centaur_altar, uniq_gastronok
Lair:4:   layout_big_grid, slime_entry_1, infiniplex_staircase_pool_2
Lair:5:   evilmike_catoblepas_cave, layout_misc_corridors, serial_rivers,
          chequers_serial_rivers_micro_e, chequers_serial_rivers_micro_d,
          chequers_serial_rivers_small_b, chequers_serial_rivers_micro_b,
          chequers_serial_rivers_small_a, chequers_serial_rivers_room_b,
          fungi_pond_lemuel, st_stairs_8, lemuel_fruit_tree, lemuel_fruit_fields
Swamp:1:  layout_falls_marsh, gammafunk_ghost_abyssal_escape,
          nicolae_swamp_tree_designs, swamp_pool_5,
          nicolae_swamp_decorative_isthmus, uniq_aizul
Swamp:2:  layout_basic_swamp, evilmike_swamp_ruin_house_1
Swamp:3:  layout_basic_swamp, serial_swamp_ruin, evilmike_swamp_ruin_house_6,
          evilmike_swamp_ruin_house_2, swamp_pool_4, nicolae_swamp_bunyip_nook
Swamp:4:  grunt_swamp_rune_castle, layout_basic_swamp, uniq_mara
Snake:1:  layout_onion, serial_shops, bzr_entry_water, nicolae_shop_tiny_glass,
          nicolae_shop_overgrown_old_shop, nicolae_snake_dead_anacondas
Snake:2:  layout_misc_corridors, uniq_agnes
Snake:3:  layout_cave_town, serial_shops, shop, nicolae_letterblocks
          [nicolae_letter_subblock, nicolae_letter_subblock,
          nicolae_letter_subblock, nicolae_letter_subblock,
          nicolae_letter_subblock, nicolae_letter_subblock,
          nicolae_letter_subblock, nicolae_letter_subblock,
          nicolae_letter_subblock, nicolae_letter_subblock,
          nicolae_letter_subblock, nicolae_letter_subblock,
          nicolae_letter_subblock, nicolae_letter_subblock,
          nicolae_letter_subblock, nicolae_letter_subblock,
          nicolae_letter_subblock, nicolae_letter_subblock,
          nicolae_letter_subblock, nicolae_letter_subblock,
          nicolae_letter_subblock, nicolae_letter_subblock,
          nicolae_letter_subblock, nicolae_letter_subblock,
          nicolae_letter_subblock]
Snake:4:  hellmonk_snake_rune_quicksilver_temple, layout_gridlike
Orc:1:    layout_caves, nicolae_volcano_entry_vermiform
Orc:2:    grunt_orc_cross, layout_caves, nicolae_orc_beogh_chapel
Elf:1:    eino_elf_arrival_altar, layout_onion_city, minmay_elf_necromancy
Elf:2:    elven_hall_of_blades_hangedman_alternative
          [nicolae_blade_entry_pointy_end], layout_loops_ring
Elf:3:    grunt_elf_hall_spiral, layout_gridlike, dreamdust_princess_corridor,
          drop_trap, uniq_nikola, uniq_zenata, uniq_asterion
Vaults:1: infiniplex_enter_wizlab_glasses, v_misc_24, nicolae_vaults_tangram_2,
          hangedman_vaults_unwind, nicolae_vaults_storage_closets_3,
          minmay_orc_keep, nicolae_vaults_variable_pillar_hall,
          hangedman_vaults_river_flow, nicolae_vaults_closet_pinwheel_2,
          nicolae_vaults_tetromino_L_1, layout_vaults_ring, serial_shops
Vaults:2: vaults_room_boxed, grunt_vaults_hallway_long, v_alt_pattern_1,
          nicolae_vaults_surprise_closet, nicolae_vaults_trapezoid_3,
          nicolae_vaults_double_plus_1, hangedman_vaults_impose,
          layout_vaults_omnigrid
Vaults:3: nicolae_vaults_windows_and_doors_thing,
          nicolae_vaults_storage_closets_2, minmay_crypt_entry_skeletal_spiral,
          nicolae_vaults_hallways_thing, v_misc_8,
          nicolae_vaults_closet_pinwheel_3, vaults_room_fours,
          nicolae_vaults_storage_room_water, hangedman_vaults_restitches,
          nicolae_vaults_circle_grid_b, st_spiral_rooms,
          nicolae_vaults_sightless_eye, layout_vaults_maze_bifur, serial_shops,
          shop
Vaults:4: nicolae_vaults_swerve, v_pattern_3, nicolae_vaults_prndl,
          ontoclasm_vaults_hangar, vaults_dpeg_encased_lava,
          dpeg_vaults_monster_row, nicolae_vaults_alarming,
          nicolae_vaults_six-pack, v_misc_9, vaults_mumra_hexcomb,
          nicolae_vaults_little_squares_5, dpeg_vaults_hating_casters,
          vaults_room_grid, layout_vaults_big_cross, serial_shops,
          nicolae_shop_rolling_square
Vaults:5: serial_shops
Depths:1: layout_cave_pools, kennysheep_pointless_box, pf_hell_entry_tar_river,
          bloody_trog, minmay_shop_star
Depths:2: minmay_bloctagon, layout_cave_pools, hell_entry,
          grunt_pan_entry_in_and_out, serial_column_ruins, column_ruins_hut,
          column_ruins_circle_medium, column_ruins_columns_dead_end,
          column_ruins_columns_straight, column_ruins_columns_straight,
          column_ruins_columns_dead_end, column_ruins_open_tiny,
          column_ruins_columns_straight, nicolae_figureground_pulse,
          uniq_josephina, uniq_sojobo
Depths:3: kennysheep_gozag_temple, layout_honeycomb, enter_ziggurat_e,
          minmay_misc_feat_encased, hell_entry, hangedman_abyss_entry_splay
Depths:4: grunt_zot_entry_tricorne, layout_cave_pools, abyss_entry, hell_entry,
          lemuel_blue_sif_altar, trove_entry_hex_spiral

Notes
Turn   | Place    | Note
-------+----------+-------------------------------------------
     0 | D:1      | Drazool the Naga Summoner began the quest for the Orb.
     0 | D:1      | Reached XP level 1. HP: 15/15 MP: 3/3
    21 | D:1      | Found a faded altar of an unknown god.
   198 | D:1      | Reached XP level 2. HP: 22/22 MP: 0/5
   201 | D:1      | Learned a level 2 spell: Call Imp
   990 | D:2      | Reached XP level 3. HP: 28/28 MP: 0/6
  1065 | D:2      | Learned a level 3 spell: Call Canine Familiar
  1173 | D:2      | Reached skill level 5 in Summonings
  1504 | D:2      | Found Salatoan's Jewellery Emporium.
  1695 | D:3      | Reached XP level 4. HP: 36/36 MP: 3/7
  1837 | D:3      | Reached skill level 6 in Summonings
  1882 | D:3      | Reached XP level 5. HP: 42/42 MP: 5/8
  2537 | D:3      | Identified the +1 pair of gloves of the Fiend {rC+ Str+5}
  2732 | D:4      | Reached skill level 3 in Spellcasting
  2732 | D:4      | Reached XP level 6. HP: 41/49 MP: 7/10
  2741 | D:4      | Learned a level 4 spell: Summon Blazeheart Golem
  2954 | D:4      | Reached skill level 1 in Fire Magic
  3031 | D:4      | Reached skill level 2 in Fire Magic
  3405 | D:4      | Noticed Eustachio
  3695 | D:5      | Entered Level 5 of the Dungeon
  3788 | D:5      | Found a glowing silver altar of Zin.
  3810 | D:5      | Reached skill level 3 in Fire Magic
  4006 | D:5      | Reached XP level 7. HP: 55/55 MP: 8/11
  4054 | D:5      | Noticed Menkaure
  4066 | D:5      | Killed Menkaure
  4067 | D:5      | Reached skill level 4 in Fire Magic
  4122 | D:5      | Reached skill level 5 in Fire Magic
  4378 | D:5      | Reached skill level 6 in Fire Magic
  4389 | D:5      | Reached XP level 8. HP: 52/62 MP: 5/12
  5169 | D:6      | Noticed Grinder
  5178 | D:6      | Killed Grinder
  5179 | D:6      | Reached skill level 7 in Summonings
  5179 | D:6      | Reached skill level 7 in Fire Magic
  5291 | D:6      | Reached skill level 4 in Spellcasting
  5291 | D:6      | Reached skill level 1 in Fighting
  5414 | D:6      | Reached skill level 2 in Fighting
  5518 | D:6      | Found a staircase to the Ecumenical Temple.
  5527 | Temple   | Entered the Ecumenical Temple
  5547 | Temple   | Became a worshipper of Sif Muna the Loreminder
  5602 | D:6      | Reached skill level 3 in Fighting
  5659 | D:6      | Reached skill level 4 in Fighting
  5659 | D:6      | Reached XP level 9. HP: 77/78 MP: 10/16
  5660 | D:6      | Reached skill level 5 in Spellcasting
  5765 | D:6      | Reached skill level 8 in Summonings
  5783 | D:6      | Reached skill level 2 in Dodging
  5977 | D:6      | Found Piylev's Distillery.
  5996 | D:6      | Bought a potion of degeneration for 13 gold pieces
  5996 | D:6      | Bought a potion of might for 52 gold pieces
  6170 | D:6      | Found Niebasy's Armour Shoppe.
  6185 | D:6      | Noticed Jeremiah
  6194 | D:6      | Found Gaha How's Distillery.
  6195 | D:6      | Found Foxuvul's Jewellery Shop.
  6203 | D:6      | Reached skill level 3 in Dodging
  6211 | D:6      | Killed Jeremiah
  6212 | D:6      | Reached skill level 3 in Invocations
  6227 | D:6      | Reached skill level 4 in Invocations
  6605 | D:6      | Reached skill level 5 in Invocations
  6846 | D:7      | Reached skill level 6 in Invocations
  6941 | D:7      | Reached * piety under Sif Muna
  7007 | D:7      | Reached XP level 10. HP: 85/85 MP: 11/17
  7009 | D:7      | Reached skill level 7 in Invocations
  7017 | D:7      | Learned a level 4 spell: Summon Lightning Spire
  7199 | D:7      | Noticed Maurice
  7216 | D:7      | Maurice stole a +4 morningstar of freezing
  7223 | D:7      | Killed Maurice
  7408 | D:7      | Reached skill level 6 in Spellcasting
  7615 | D:7      | Reached skill level 1 in Air Magic
  7820 | D:8      | Reached skill level 2 in Air Magic
  7936 | D:8      | Reached skill level 3 in Air Magic
  8038 | D:8      | Found a broken altar of Ashenzari.
  8045 | D:8      | Found a glowing golden altar of the Shining One.
  8432 | D:9      | Reached skill level 4 in Air Magic
  8483 | D:9      | Reached skill level 5 in Air Magic
  8622 | D:9      | Reached skill level 5 in Fighting
  8663 | D:9      | Reached ** piety under Sif Muna
  8873 | D:9      | Reached skill level 4 in Stealth
  8934 | D:9      | Reached skill level 5 in Stealth
  8999 | D:9      | Found a staircase to the Orcish Mines.
  9104 | D:9      | Found Neufeb's Weapon Emporium.
  9495 | D:9      | Noticed a death yak
  9499 | D:9      | Noticed a death yak
  9503 | D:9      | Reached skill level 6 in Air Magic
  9508 | D:9      | Noticed a death yak
  9510 | D:9      | Killed a death yak
  9511 | D:9      | Reached skill level 4 in Dodging
  9511 | D:9      | Reached XP level 11. HP: 94/94 MP: 9/20
  9514 | D:9      | Killed a death yak
  9515 | D:9      | Reached skill level 5 in Dodging
  9521 | D:9      | Noticed Maggie
  9528 | D:9      | Killed a death yak
  9544 | D:9      | Killed Maggie
  9545 | D:9      | Reached skill level 7 in Spellcasting
  9652 | D:9      | Found a staircase to the Lair.
 10010 | D:10     | Entered Level 10 of the Dungeon
 10171 | D:10     | Reached *** piety under Sif Muna
 10380 | D:10     | Reached skill level 7 in Air Magic
 10664 | D:10     | You fall into a shaft and drop 1 floor!
 10688 | D:11     | Found a gate leading to a gauntlet.
 10694 | Gauntlet | Entered a Gauntlet
 10694 | Gauntlet | Noticed a blizzard demon
 10694 | Gauntlet | Found a transporter.
 10694 | Gauntlet | Found a transporter.
 10698 | Gauntlet | Found a transporter.
 10700 | Gauntlet | Found a transporter.
 10702 | Gauntlet | Noticed a ghost crab
 10710 | Gauntlet | Found a transporter.
 10713 | Gauntlet | Found a transporter.
 10723 | Gauntlet | Found a transporter.
 10729 | Gauntlet | Found a transporter.
 10747 | Gauntlet | Found a transporter.
 10755 | Gauntlet | Found a transporter.
 10772 | Gauntlet | Found a transporter.
 10784 | Gauntlet | Noticed a worldbinder
 10852 | Gauntlet | Found a transporter.
 10909 | Gauntlet | Killed a blizzard demon
 10910 | Gauntlet | Reached skill level 9 in Summonings
 10910 | Gauntlet | Reached skill level 1 in Evocations
 10969 | Gauntlet | Identified the ring of Ru's Displeasure {Fire Int+2}
 10986 | Gauntlet | Killed a ghost crab
 10987 | Gauntlet | Reached skill level 3 in Evocations
 11055 | Gauntlet | Identified the ring of Bualas {rF- rCorr EV+5 SInv}
 11108 | Gauntlet | Identified the staff "Grim" {rElec Str-5 Int+5 Air}
 11108 | Gauntlet | Noticed a minotaur
 11113 | Gauntlet | HP: 7/94 [minotaur/the staff "Grim" {rElec Str-5 Int+5 Air}
                  | (13)]
 11130 | Gauntlet | Killed a minotaur
 11131 | Gauntlet | Reached skill level 4 in Evocations
 11718 | D:2      | Bought the amulet "Nyanit" {Faith rC+ Will+} for 596 gold
                  | pieces
 11785 | D:4      | Killed Eustachio
 12213 | Lair:1   | Entered Level 1 of the Lair of Beasts
 12262 | Lair:1   | Noticed Sonja
 12275 | Lair:1   | Killed Sonja
 12276 | Lair:1   | Reached skill level 10 in Summonings
 12276 | Lair:1   | Reached XP level 12. HP: 40/103 MP: 19/22
 12643 | Lair:1   | Reached skill level 6 in Fighting
 12708 | Lair:1   | Reached skill level 7 in Fighting
 12763 | Lair:1   | Noticed a five-headed hydra
 12769 | Lair:1   | Killed a five-headed hydra
 12769 | Lair:1   | Reached **** piety under Sif Muna
 13022 | Lair:1   | Reached skill level 8 in Invocations
 13083 | Lair:1   | Identified a scroll of acquirement
 13084 | Lair:1   | Acquired the +0 barding "Cecimem" {Dex+3 Slay+2}
 13247 | Lair:1   | Reached skill level 11 in Summonings
 13506 | Lair:1   | Noticed a death yak
 13506 | Lair:1   | Noticed a death yak
 13508 | Lair:1   | Noticed a death yak
 13510 | Lair:1   | Noticed a death yak
 13518 | Lair:1   | Killed a death yak
 13522 | Lair:1   | Killed a death yak
 13525 | Lair:1   | Killed a death yak
 13526 | Lair:1   | Reached skill level 12 in Summonings
 13529 | Lair:1   | Killed a death yak
 13883 | Lair:2   | Noticed a catoblepas
 13988 | Lair:2   | Found a frozen archway.
 14014 | Lair:2   | Reached skill level 8 in Spellcasting
 14026 | IceCv    | Entered an ice cave
 14130 | IceCv    | Gained mutation: You can use your snake-like lower body to
                  | constrict enemies. [Naga growth]
 14130 | IceCv    | Reached XP level 13. HP: 101/115 MP: 21/25
 14371 | IceCv    | Reached skill level 9 in Spellcasting
 14436 | IceCv    | Reached ***** piety under Sif Muna
 14651 | IceCv    | Reached skill level 8 in Fighting
 14910 | IceCv    | Reached skill level 6 in Stealth
 15059 | IceCv    | Reached skill level 7 in Stealth
 15165 | Lair:2   | Reached skill level 1 in Shapeshifting
 15228 | Lair:2   | Reached skill level 2 in Shapeshifting
 15389 | Lair:2   | Reached skill level 3 in Shapeshifting
 15462 | Lair:2   | Reached skill level 4 in Shapeshifting
 15663 | Lair:2   | Reached skill level 8 in Air Magic
 15665 | Lair:2   | Received a gift from Sif Muna
 15666 | Lair:2   | Got Sif Muna's Performing Successful Magic {god gift}
 15674 | Lair:2   | Learned a level 6 spell: Plasma Beam
 15848 | Lair:2   | Reached skill level 9 in Air Magic
 16374 | Lair:2   | Reached skill level 8 in Fire Magic
 16518 | Lair:2   | Found a staircase to the Swamp.
 16973 | Lair:3   | Reached XP level 14. HP: 126/126 MP: 16/27
 16975 | Lair:3   | Reached skill level 9 in Fire Magic
 17414 | Lair:3   | Noticed Gastronok
 17425 | Lair:3   | Killed Gastronok
 17426 | Lair:3   | Reached skill level 10 in Fire Magic
 17806 | Lair:3   | Found a snail-covered altar of Cheibriados.
 17810 | Lair:3   | Received a gift from Sif Muna
 17870 | Lair:3   | Got Peydd's Tome of Combative Esoterica {god gift}
 18002 | Lair:3   | Found a staircase to the Snake Pit.
 18689 | Lair:4   | Found a staircase to the Slime Pits.
 18833 | Lair:4   | Reached skill level 11 in Fire Magic
 19083 | Lair:5   | Entered Level 5 of the Lair of Beasts
 19453 | Lair:5   | Reached skill level 10 in Air Magic
 19642 | Lair:5   | Reached skill level 11 in Air Magic
 20067 | Lair:5   | Reached skill level 9 in Fighting
 20529 | Lair:5   | Received a gift from Sif Muna
 20866 | Lair:5   | Reached skill level 10 in Spellcasting
 20933 | Lair:5   | Reached XP level 15. HP: 135/135 MP: 21/29
 21399 | Orc:1    | Entered Level 1 of the Orcish Mines
 21570 | Orc:1    | Reached skill level 12 in Fire Magic
 21590 | Orc:1    | Received a gift from Sif Muna
 21615 | Orc:1    | Found a dark tunnel.
 21673 | Volcano  | Entered a volcano
 22068 | Orc:1    | You fall into a shaft and drop 1 floor!
 22068 | Orc:2    | Entered Level 2 of the Orcish Mines
 22068 | Orc:2    | Noticed an orc warlord
 22713 | Orc:2    | Learned a level 4 spell: Iskenderun's Mystic Blast
 23014 | Orc:2    | Reached skill level 1 in Conjurations
 23014 | Orc:2    | Reached skill level 1 in Translocations
 23087 | Orc:2    | Received a gift from Sif Muna
 23089 | Orc:2    | Got Sif Muna's Opusculum on Gases and Displacement {god
                  | gift}
 23275 | Orc:2    | Reached skill level 2 in Conjurations
 23275 | Orc:2    | Reached skill level 2 in Translocations
 23537 | Orc:2    | Killed an orc warlord
 23563 | Orc:2    | Reached skill level 3 in Conjurations
 23572 | Orc:2    | Reached skill level 3 in Translocations
 23862 | Orc:2    | Found Luapoz's General Store.
 23942 | Orc:2    | Bought a scroll of blinking for 127 gold pieces
 23950 | Orc:2    | Found Paed's Antique Armour Boutique.
 24063 | Orc:2    | Found Guokkosm's Antique Weapon Boutique.
 24077 | Orc:2    | Found Himuap's Book Boutique.
 24091 | Orc:2    | Found a staircase to the Elven Halls.
 24553 | D:11     | Reached skill level 4 in Conjurations
 24553 | D:11     | Reached skill level 4 in Translocations
 25186 | D:11     | Received a gift from Sif Muna
 25187 | D:11     | Got Keveacha's Incunabulum of the Birds {god gift}
 25438 | D:6      | Bought a potion of enlightenment for 70 gold pieces
 25438 | D:6      | Bought a potion of enlightenment for 70 gold pieces
 25618 | D:11     | Got the Parchment of Nature
 26030 | D:12     | Reached skill level 5 in Conjurations
 26030 | D:12     | Reached skill level 5 in Translocations
 27770 | D:13     | Identified the +1 pair of gloves of Fierghot {rPois Regen+
                  | Dex+3}
 27832 | D:13     | Reached skill level 13 in Summonings
 27936 | D:13     | Reached XP level 16. HP: 110/144 MP: 30/30
 29142 | D:14     | Received a gift from Sif Muna
 29187 | D:14     | Got Sif Muna's Monograph on Red Inhalation {god gift}
 29352 | D:14     | Identified a +1 robe of resistance
 29352 | D:14     | Noticed Jorgrun
 29506 | D:14     | Killed Jorgrun
 29659 | D:14     | Noticed Roxanne
 29681 | D:14     | Killed Roxanne
 29682 | D:14     | Reached skill level 12 in Air Magic
 29682 | D:14     | Reached skill level 13 in Fire Magic
 30335 | D:14     | Found a gate to the Vaults.
 30785 | D:15     | Entered Level 15 of the Dungeon
 31045 | D:15     | Found a runed translucent door.
 31046 | D:15     | Found a shimmering altar of Xom.
 31046 | D:15     | Noticed Lyniq's ghost (journeyman DrSh)
 31062 | D:15     | Noticed Louise
 31064 | D:15     | Killed Louise
 31119 | D:15     | Reached skill level 13 in Air Magic
 31181 | D:15     | Identified the serpent talisman of the Postmodern Lies
                  | {rC++ Int+2}
 31305 | D:15     | Noticed Rupert
 31446 | D:15     | Killed Rupert
 31556 | D:14     | Reached skill level 5 in Shapeshifting
 31775 | D:15     | Noticed Nessos
 31866 | D:15     | Killed Nessos
 32024 | D:15     | Noticed Azrael
 32042 | D:14     | Killed Azrael
 32043 | D:14     | Reached skill level 6 in Shapeshifting
 32581 | D:15     | Found a staircase to the Depths.
 32618 | D:15     | Identified the +2 leather armour of Duoplofa {Rampage rC-
                  | rN+}
 32796 | D:14     | Received a gift from Sif Muna
 32797 | D:14     | Got Sif Muna's Elucidation of the Assistive Nimbus {god
                  | gift}
 33573 | Snake:1  | Entered Level 1 of the Snake Pit
 33853 | Snake:1  | Found Leez Gae's Assorted Antiques.
 33875 | Snake:1  | Bought a flickering pewter ring for 120 gold pieces
 33875 | Snake:1  | Identified the ring of Serendipity {rPois Will+} (You
                  | bought it in a shop on level 1 of the Snake Pit)
 33881 | Snake:1  | Bought a notched brass ring for 120 gold pieces
 33942 | Snake:1  | Reached skill level 7 in Shapeshifting
 33951 | Snake:1  | Learned a level 5 spell: Summon Mana Viper
 34077 | Snake:1  | Found Wim Byam's Assorted Antiques.
 34210 | Snake:1  | Reached skill level 1 in Hexes
 34445 | Snake:1  | Reached skill level 2 in Hexes
 34457 | Snake:1  | Reached skill level 3 in Hexes
 34782 | Snake:1  | Reached skill level 4 in Hexes
 34790 | Snake:1  | Reached XP level 17. HP: 108/150 MP: 3/31
 34797 | Snake:1  | Reached skill level 11 in Spellcasting
 35929 | Snake:2  | Reached skill level 10 in Fighting
 35959 | Snake:2  | Noticed Agnes
 35964 | Snake:2  | Killed Agnes
 36268 | Snake:2  | Reached skill level 8 in Shapeshifting
 37275 | Snake:3  | Received a gift from Sif Muna
 37285 | Snake:3  | Got Sif Muna's Secrets of Translocated Assembling {god
                  | gift}
 37610 | Snake:3  | Reached skill level 9 in Shapeshifting
 37642 | Snake:3  | Identified the +1 robe of Lugonu's Envy {Int+3}
 38720 | Snake:3  | Found Aliliroera's Magic Scroll Boutique.
 38724 | Snake:3  | Bought a scroll of fear for 56 gold pieces
 38724 | Snake:3  | Bought a scroll of blinking for 105 gold pieces
 38724 | Snake:3  | Bought a scroll of fear for 56 gold pieces
 38805 | Snake:4  | Entered Level 4 of the Snake Pit
 39284 | Snake:4  | Reached skill level 10 in Shapeshifting
 40139 | Snake:4  | Reached skill level 9 in Invocations
 40711 | Snake:4  | Reached skill level 10 in Invocations
 41624 | Snake:4  | Reached skill level 14 in Summonings
 41731 | Snake:4  | Reached XP level 18. HP: 160/160 MP: 20/33
 41975 | Snake:4  | Got a serpentine rune of Zot
 42487 | Swamp:1  | Entered Level 1 of the Swamp
 42750 | Swamp:1  | Noticed a hellephant
 42841 | Swamp:1  | Noticed Zoigrime's ghost (adept FoFi)
 42962 | Swamp:1  | Reached skill level 11 in Shapeshifting
 43014 | Swamp:1  | Received a gift from Sif Muna
 43140 | Swamp:1  | Found a transporter.
 43141 | Swamp:1  | Found a transporter.
 43146 | Swamp:1  | Identified the serpent talisman "Litagg" {rN+}
 43146 | Swamp:1  | Noticed Aizul
 43159 | Swamp:1  | Killed Aizul
 43674 | Swamp:1  | Found a one-way gate to the infinite horrors of the Abyss.
 44581 | Swamp:2  | Reached skill level 1 in Shields
 44815 | Swamp:2  | Reached skill level 2 in Shields
 44955 | Swamp:2  | Reached skill level 3 in Shields
 45610 | Swamp:3  | Reached skill level 4 in Shields
 45786 | Swamp:3  | Reached skill level 12 in Shapeshifting
 46728 | Swamp:3  | Reached skill level 14 in Air Magic
 46999 | Swamp:4  | Entered Level 4 of the Swamp
 47977 | Swamp:4  | Reached skill level 12 in Spellcasting
 48115 | Swamp:4  | Received a gift from Sif Muna
 48317 | Swamp:4  | Noticed the 27-headed Lernaean hydra
 48325 | Swamp:4  | Killed the 27-headed Lernaean hydra
 48326 | Swamp:4  | Reached XP level 19. HP: 168/168 MP: 22/35
 48461 | Swamp:4  | Noticed Mara
 48470 | Swamp:4  | Killed Mara
 48473 | Swamp:4  | Reached skill level 13 in Shapeshifting
 48576 | Swamp:4  | Got a decaying rune of Zot
 48674 | Swamp:4  | Identified the +1 plate armour of the Guilds {-Cast Will+
                  | Regen+}
 48783 | Swamp:4  | Noticed a tentacled monstrosity
 48792 | Swamp:4  | Killed a tentacled monstrosity
 49779 | Elf:1    | Entered Level 1 of the Elven Halls
 49922 | Elf:1    | Found a radiant altar of Vehumet.
 50297 | Elf:1    | Reached skill level 14 in Shapeshifting
 51800 | Elf:1    | Got the Codex of Bodies
 52459 | Vaults:1 | Entered Level 1 of the Vaults
 52468 | Vaults:1 | Reached skill level 14 in Fire Magic
 52470 | Vaults:1 | Paralysed by a formless jellyfish for 1 turns
 52693 | Vaults:1 | Found a magical portal.
 52708 | WizLab   | Entered Borgnjor's Mausoleum
 53565 | Vaults:1 | You fall into a shaft and drop 1 floor!
 53845 | Vaults:1 | Reached skill level 15 in Shapeshifting
 54557 | Vaults:1 | Reached XP level 20. HP: 176/176 MP: 9/36
 55434 | Vaults:2 | Reached skill level 16 in Shapeshifting
 56008 | Vaults:2 | Received a gift from Sif Muna
 56009 | Vaults:2 | Got Latily's Elucidation of Quicksand and Cold {god gift}
 56297 | Vaults:2 | Reached skill level 11 in Fighting
 56812 | Vaults:1 | Learned a level 5 spell: Lee's Rapid Deconstruction
 56975 | Vaults:2 | Reached skill level 1 in Earth Magic
 56978 | Vaults:2 | Reached skill level 2 in Earth Magic
 56989 | Vaults:2 | Reached skill level 3 in Earth Magic
 57104 | Vaults:2 | Reached skill level 4 in Earth Magic
 57381 | Vaults:2 | Reached skill level 5 in Earth Magic
 57972 | Vaults:3 | Reached skill level 6 in Earth Magic
 58215 | Vaults:3 | Reached skill level 7 in Earth Magic
 58226 | Vaults:3 | Received a gift from Sif Muna
 58235 | Vaults:3 | Got Sif Muna's Atlas of the Vehement Retinue {god gift}
 58450 | Vaults:3 | Reached skill level 8 in Earth Magic
 58756 | Vaults:3 | Identified the +1 pair of gloves of the Realm of Zot {Str+8
                  | Int-5}
 58854 | Vaults:3 | Reached skill level 9 in Earth Magic
 59008 | Vaults:3 | Learned a level 7 spell: Summon Hydra
 59143 | Vaults:3 | Reached XP level 21. HP: 188/188 MP: 30/37
 59908 | Vaults:3 | Found Qeity's Magic Scroll Boutique.
 59916 | Vaults:3 | Bought a scroll of blinking for 112 gold pieces
 59922 | Vaults:3 | Received a gift from Sif Muna
 59923 | Vaults:3 | Reached skill level 15 in Air Magic
 59923 | Vaults:3 | Got Ohyavyof's Annotations on the Salvo and the Blaze {god
                  | gift}
 59995 | Vaults:3 | Identified the +6 chain mail of Fortification {+Inv rElec
                  | rF++ rC-}
 60241 | Vaults:3 | Found a staircase to the Crypt.
 60566 | Vaults:4 | Found Orghin's General Store.
 60890 | Vaults:4 | Reached skill level 16 in Air Magic
 61382 | Vaults:4 | Reached skill level 15 in Summonings
 61734 | Vaults:4 | Reached skill level 10 in Earth Magic
 61800 | Vaults:4 | Received a gift from Sif Muna
 61802 | Vaults:4 | Got Sif Muna's Catalogue of the Commander {god gift}
 61937 | Vaults:3 | Learned a level 7 spell: Spellforged Servitor
 62006 | Vaults:4 | Reached skill level 12 in Fighting
 62338 | Vaults:4 | Reached skill level 6 in Conjurations
 63166 | Elf:2    | Reached skill level 7 in Conjurations
 63694 | Elf:2    | Reached skill level 8 in Conjurations
 63769 | Elf:2    | Found a huge runed translucent gate.
 63769 | Elf:2    | Found a huge runed translucent gate.
 63780 | Elf:2    | Found a huge runed translucent gate.
 64155 | Elf:2    | Found a huge runed translucent gate.
 64155 | Elf:2    | Found a huge runed translucent gate.
 64198 | Elf:3    | Entered Level 3 of the Elven Halls
 64349 | Elf:3    | Reached XP level 22. HP: 198/198 MP: 31/38
 64431 | Elf:3    | Identified a +2 robe of resistance
 64526 | Elf:3    | Reached skill level 9 in Conjurations
 64536 | Elf:3    | Received a gift from Sif Muna
 64537 | Elf:3    | Got Sif Muna's Anthology of the Cumulonimbus {god gift}
 64592 | Elf:3    | Identified the ring "Tasmuicij" {Wiz Dex+2}
 64600 | Elf:3    | Noticed Nikola
 64608 | Elf:3    | Killed Nikola
 64708 | Elf:3    | Reached skill level 10 in Conjurations
 64728 | Elf:3    | Identified the +8 hand axe of Deformation {pain, Will+}
 64845 | Elf:3    | Identified the +10 broad axe "Murmur" {heavy, rN+}
 64845 | Elf:3    | Identified the +2 buckler "Ovowy" {Str+3 Dex+3 Slay+2
                  | Stlth+}
 64862 | Elf:3    | Identified the +0 shortbow "Emuok" {drain, MP+9 Int+3}
 64862 | Elf:3    | Identified the +4 leather armour "Kaagejuu" {rPois}
 64967 | Elf:3    | Identified the +2 leather armour of the Blessed Realm
                  | {Str+3}
 65250 | Elf:3    | Reached skill level 16 in Summonings
 65309 | Elf:3    | Noticed Asterion
 65312 | Elf:3    | Killed Asterion
 65398 | Elf:3    | Noticed Zenata
 65401 | Elf:3    | Killed Zenata
 66822 | Elf:3    | Identified the staff of the Rescuing Seeker {rF++ rN+ rCorr
                  | Int+8 Stlth- Necro}
 67282 | Depths:1 | Entered Level 1 of the Depths
 67604 | D:15     | HP: 25/257 [ettin/+0 dire flail (32)]
 67889 | Depths:1 | Reached skill level 13 in Spellcasting
 68138 | Depths:1 | Reached skill level 17 in Air Magic
 68256 | Depths:1 | Found Qeptum's Antique Weapon Shop.
 68331 | Depths:1 | Found Cubrioho's Antique Weapon Boutique.
 68334 | Depths:1 | Found Kujuf's Assorted Antiques.
 68341 | Depths:1 | Bought a scroll of summoning for 237 gold pieces
 68413 | Depths:1 | Found a gateway to Hell.
 68522 | Depths:1 | Bought a glowing helmet for 187 gold pieces
 68686 | Depths:1 | Found a bloodstained altar of Trog.
 68783 | Depths:2 | Noticed Sojobo
 68909 | Depths:2 | Reached XP level 23. HP: 205/205 MP: 29/40
 69029 | Depths:2 | Reached skill level 18 in Air Magic
 69261 | Depths:2 | Killed Sojobo
 69516 | Depths:2 | Received a gift from Sif Muna
 69517 | Depths:2 | Reached skill level 14 in Spellcasting
 69517 | Depths:2 | Noticed a golden dragon
 69624 | Depths:2 | Identified the ring "Cessiot" {Ice Int+3 Stlth+}
 69624 | Depths:2 | Noticed Josephina
 69625 | Depths:2 | Killed a golden dragon
 69626 | Depths:2 | Reached skill level 5 in Evocations
 69733 | Depths:2 | Reached skill level 1 in Armour
 69912 | Depths:2 | Reached skill level 2 in Armour
 69913 | Depths:2 | Killed Josephina
 69916 | Depths:2 | Reached skill level 3 in Armour
 70141 | Depths:2 | Reached skill level 4 in Armour
 70393 | Depths:2 | Found a one-way gate leading to the halls of Pandemonium.
 70454 | Depths:2 | Identified the +3 leather armour of the Carpenter {rCorr
                  | Str+2}
 70958 | Depths:3 | Identified the +0 plate armour of Ceri {rN+ MP-9 Str+4
                  | Int+3}
 70983 | Depths:3 | Reached skill level 6 in Dodging
 71322 | Depths:3 | Found a one-way gateway to a ziggurat.
 71817 | Depths:3 | Found Gozag's Assorted Antiques.
 71826 | Depths:3 | Found Gozag's Antique Weapon Boutique.
 71826 | Depths:3 | Found an opulent altar of Gozag.
 71827 | Depths:3 | Found Gozag's Assorted Antiques.
 71862 | Depths:3 | Noticed a golden dragon
 71916 | Depths:3 | Killed a golden dragon
 71917 | Depths:3 | Reached skill level 15 in Spellcasting
 72066 | Depths:3 | Reached skill level 8 in Stealth
 72066 | Depths:3 | Received a gift from Sif Muna
 72067 | Depths:3 | Got Cetuots's Dissertation on the Geodesic {god gift}
 72292 | Depths:3 | Reached skill level 9 in Stealth
 72301 | Depths:3 | Learned a level 8 spell: Maxwell's Capacitive Coupling
 72835 | Depths:4 | Entered Level 4 of the Depths
 73050 | Depths:3 | Reached skill level 6 in Translocations
 73733 | Depths:3 | Reached skill level 7 in Translocations
 73875 | Depths:3 | Reached XP level 24. HP: 213/213 MP: 35/42
 74422 | Depths:4 | Reached skill level 8 in Translocations
 74622 | Depths:4 | Reached skill level 9 in Translocations
 75157 | Depths:4 | Reached skill level 10 in Translocations
 75251 | Depths:4 | Found a gate to the Realm of Zot.
 75421 | Depths:4 | Found a portal to a secret trove of treasure.
 75678 | Depths:4 | Found a shimmering blue altar of Sif Muna.
 76088 | Depths:1 | Bought a scroll of enchant armour for 187 gold pieces
 76193 | Depths:4 | You paid a toll of +4 ice dragon scales to enter a treasure
                  | trove
 76194 | Trove    | Entered a treasure trove
 76207 | Trove    | Identified the +0 barding "Odiyps" {rC+ rCorr Slay+3}
 76209 | Trove    | Identified the ring of Haunuq {*Slow rN++ MP+9 Str+6 Int+3}
 76215 | Trove    | Identified the +5 ring mail of Dishonesty {Stlth+}
 76219 | Trove    | Identified the ring of Zin's Fury {rPois MP+9 Str+6 Dex+2}
 76432 | Vaults:3 | Bought a scroll of teleportation for 45 gold pieces
 76432 | Vaults:3 | Bought a scroll of teleportation for 45 gold pieces
 76716 | Orc:2    | Bought a scroll of teleportation for 51 gold pieces
 77056 | Vaults:5 | Entered Level 5 of the Vaults
 77064 | Vaults:5 | Received a gift from Sif Muna
 77065 | Vaults:5 | Reached skill level 11 in Translocations
 77070 | Vaults:5 | Found Lougyofe's Armour Shop.
 77075 | Vaults:5 | HP: 25/265 [fire giant/fireball (20)]
 77083 | Vaults:5 | HP: 22/265 [vault warden/+1 bardiche of venom (11)]
 77095 | Vaults:5 | HP: 6/266 [Brimstone Fiend/damnation[a deep elf
                  | demonologist] (27)]
 77096 | Vaults:5 | Killed from afar by a Brimstone Fiend

Vanquished Creatures
  Mara (Swamp:4)
  Sojobo (Depths:2)
  Josephina (Depths:2)
  the Lernaean hydra (Swamp:4)
  Nikola (Elf:3)
  2 golden dragons
  A bone dragon (Depths:4)
  Jorgrun (D:14)
  Zenata (Elf:3)
  2 tentacled monstrosities
  A walking crystal tome (Depths:2)
  Rupert (D:15)
  3 liches
  2 deep elf blademasters (Elf:3)
  Asterion (Elf:3)
  7 sphinxes
  2 deep elf master archers (Elf:3)
  3 thorn hunters
  Agnes (Snake:2)
  An ancient champion (Vaults:3)
  6 tengu reavers
  2 shadow dragons (Vaults:5)
  Aizul (Swamp:1)
  Roxanne (D:14)
  A storm dragon (Depths:4)
  3 fire giants
  5 nagarajas
  An iron dragon (Vaults:4)
  A draconian knight (Depths:4)
  A deep elf sorcerer (Elf:1)
  4 deep elf elementalists (Elf:3)
  Louise (D:15)
  12 vault wardens
  4 frost giants
  3 spectral caustic shrikes (Depths:1)
  3 orc warlords
  8 stone giants
  18 ironbound preservers
  13 very ugly things
  4 formless jellyfish
  7 ironbound thunderhulks
  A deep elf demonologist (Elf:3)
  A minotaur (Gauntlet)
  3 eleionomae
  2 vampire knights
  Nessos (D:15)
  A black draconian (Depths:4)
  10 dire elephants
  A white draconian (Depths:4)
  A red draconian (Depths:4)
  4 spark wasps
  9 bunyips
  2 deep elf annihilators (Elf:3)
  Azrael (D:14)
  5 deep elf death magi
  A fire dragon (Depths:3)
  A shambling mangrove (Swamp:4)
  A blizzard demon (Gauntlet)
  A crystal guardian (Vaults:2)
  9 ettins
  3 entropy weavers
  7 ice dragons
  11 yaktaur captains
  21 hydras
  3 great orbs of eyes
  21 slime creatures
  A hell beast (Depths:2)
  10 centaur warriors
  A rakshasa (Depths:1)
  3 deep elf high priests
  3 ghost crabs
  2 salamander tyrants (Snake:4)
  A peacekeeper (Vaults:2)
  6 vault guards (Vaults:2)
  2 catoblepae
  3 spriggan air magi
  5 anacondas
  3 boulder beetles
  2 ogre magi
  3 two-headed ogres
  6 alligators
  A death knight (D:15)
  11 ironbound frosthearts
  10 death yaks
  5 tengu warriors
  A vampire mage (Depths:1)
  7 naga warriors
  A dancing weapon (Elf:1)
  2 deep troll shamans
  An occultist (Depths:1)
  5 deep troll earth magi
  2 orc high priests
  3 spriggan berserkers
  6 naga sharpshooters
  4 shock serpents
  18 hell knights
  4 deep elf knights
  2 soul eaters (Depths:2)
  A skyshark (Lair:2)
  7 skeletal warriors
  3 iron trolls
  Sonja (Lair:1)
  2 anaconda zombies (Snake:1)
  4 goliath frogs
  5 spectral anacondas (Snake:1)
  A spark wasp zombie (WizLab)
  2 salamander mystics (Snake:4)
  3 spriggan druids
  54 deep trolls
  4 naga ritualists
  12 swamp dragons
  A flayed ghost (Depths:4)
  11 bog bodies
  A glowing orange brain (Vaults:4)
  3 deep elf archers
  6 arcanists
  10 mana vipers
  6 lindwurms
  8 orc knights
  A stone giant zombie (Vaults:4)
  13 ironbound convokers
  2 shadow dragon skeletons (Vaults:3)
  4 anaconda skeletons (Snake:1)
  24 ugly things
  9 harpies (Vaults:1)
  13 necromancers
  2 phantasmal warriors
  15 deep elf pyromancers
  11 deep elf zephyrmancers
  A human zombie (Vaults:4)
  A cyclops (D:14)
  4 will-o-the-wisps
  A tengu skeleton (Vaults:3)
  2 manticores
  Maurice (D:7)
  7 salamanders
  7 orc sorcerers
  An elephant (Lair:5)
  2 fire giant skeletons
  3 meliai (D:13)
  A kobold blastminer (Orc:1)
  30 black mambas
  A frost giant skeleton (Vaults:3)
  5 guardian serpents
  A stone giant skeleton (Vaults:3)
  A torpor snail (Lair:2)
  13 naga magi
  2 ice statues (IceCv)
  14 vault sentinels
  2 centaur skeletons (D:14)
  Maggie (D:9)
  3 large abominations (Elf:1)
  2 gargoyles
  7 cane toads
  4 rime drakes
  A kobold demonologist (D:14)
  A yaktaur (shapeshifter) (Depths:2)
  2 yaktaur skeletons (Vaults:3)
  A tormentor (Depths:2)
  3 komodo dragons
  4 unseen horrors
  A spark wasp simulacrum (Depths:2)
  2 efreet (D:15)
  4 human skeletons
  10 yaktaurs
  3 tengu conjurers
  9 anaconda simulacra
  A spriggan zombie (Depths:1)
  4 ice devils (IceCv)
  2 polar bears (Lair:3)
  8 trolls
  19 hornets
  4 tyrant leeches
  4 blink frogs
  A harpy zombie (WizLab)
  2 dream sheep (Lair:5)
  A fire giant simulacrum (Depths:2)
  A culicivora (shapeshifter) (D:15)
  An ettin skeleton (Vaults:3)
  20 spriggans
  4 water elementals
  A dire elephant simulacrum (IceCv)
  24 yaks
  7 fire elementals
  2 wyverns
  5 basilisks
  4 wargs
  2 elf skeletons (Vaults:3)
  2 redbacks (Vaults:1)
  10 vampire mosquitoes
  A steam dragon (D:6)
  37 nagas
  13 swamp worms
  7 water moccasins
  3 hell hounds
  A hydra simulacrum (IceCv)
  10 swamp drakes
  A sky beast (D:6)
  2 black bears
  2 ice beasts (D:6)
  13 orc warriors
  7 ogres
  4 centaurs
  4 boggarts (Vaults:2)
  6 wolves
  2 phantoms
  7 kobold brigands
  2 elf zombies (Elf:1)
  A glowing shapeshifter simulacrum (Vaults:4)
  A gnoll sergeant (D:6)
  3 earth elementals (Elf:3)
  A cane toad simulacrum (IceCv)
  2 two-headed ogre simulacra (IceCv)
  2 wights (D:6)
  A killer bee (D:9)
  6 nameless horrors
  2 howler monkeys
  A jelly (D:6)
  2 electric eels (D:14)
  8 orc priests
  A hound (D:7)
  A gnoll bouda (D:9)
  2 hell rats (D:9)
  9 orc wizards
  A spriggan simulacrum (IceCv)
  A troll simulacrum (IceCv)
  2 boggart skeletons (D:14)
  9 gnolls
  A shadow imp (D:7)
  A white imp (Gauntlet)
  An ufetubus (D:6)
  19 orcs
  An endoplasm (D:2)
  2 giant cockroaches
  2 goblins (D:2)
  2 jackals (D:11)
  5 kobolds
  4 ball pythons (D:11)
  A bat (D:3)
  A rat (D:3)
1132 creatures vanquished.

Vanquished Creatures (collateral kills)
  A lich (Depths:1)
  Gastronok (Lair:3)
  A sphinx (Depths:3)
  A shadow dragon (Depths:3)
  A tengu reaver (Depths:2)
  A draconian monk (Depths:4)
  A fire giant (Depths:3)
  3 frost giants
  7 deep elf sorcerers (Elf:3)
  2 spectral caustic shrikes (Depths:1)
  A vault warden (Vaults:3)
  An orc warlord (Orc:2)
  3 ironbound preservers
  A juggernaut skeleton (Depths:1)
  4 stone giants
  10 very ugly things
  3 deep elf death magi (Elf:3)
  A green draconian (Depths:4)
  5 deep elf annihilators
  3 deep elf demonologists (Elf:3)
  A dire elephant (Vaults:4)
  A yellow draconian (Depths:4)
  A red draconian (Depths:4)
  2 spark wasps
  3 ettins
  A crystal guardian (Vaults:4)
  5 fire dragons
  A deep elf high priest (Elf:3)
  3 rakshasas
  2 ice dragons
  A peacekeeper (Vaults:4)
  3 catoblepae
  3 spriggan air magi
  3 alligators (Swamp:2)
  A centaur warrior (Volcano)
  4 two-headed ogres
  9 dancing weapons
  7 death yaks
  An occultist (Depths:1)
  3 spriggan berserkers
  2 vampire magi
  2 deep troll shamans
  5 deep troll earth magi
  2 deep elf knights
  6 hell knights
  2 iron trolls
  A skyshark (Lair:5)
  2 anaconda zombies (Snake:1)
  A skeletal warrior (D:12)
  An arcanist (Vaults:3)
  11 deep trolls
  2 glowing orange brains
  A lindwurm (Orc:1)
  A phantasmal warrior (Vaults:5)
  4 harpies (Vaults:4)
  4 orc knights (Orc:2)
  3 deep elf archers
  A deep elf pyromancer (D:15)
  A tengu zombie (Depths:1)
  3 deep elf zephyrmancers (Elf:2)
  2 anaconda skeletons (Snake:1)
  A necromancer (Depths:3)
  An orc sorcerer (Orc:2)
  A sphinx simulacrum (Depths:2)
  A manticore (Lair:5)
  13 ugly things
  A stone giant zombie (Depths:1)
  An oklob plant (D:11)
  5 elephants (Lair:5)
  2 salamanders
  3 black mambas
  3 human skeletons
  A will-o-the-wisp (Swamp:2)
  3 vault sentinels (Vaults:4)
  3 cane toads
  Jeremiah (D:6)
  A gargoyle (D:11)
  A rime drake (Lair:5)
  A kobold demonologist (D:11)
  A yaktaur (Vaults:5)
  A freezing wraith (D:15)
  2 anaconda simulacra (IceCv)
  5 komodo dragons
  2 trolls
  2 tengu conjurers
  3 polar bears (Lair:3)
  15 blink frogs
  Grinder (D:6)
  4 hornets
  A shadow dragon simulacrum (Depths:2)
  4 dream sheep
  An air elemental (Elf:3)
  2 wraiths
  A jumping spider (Vaults:3)
  A slime creature (D:12)
  A dire elephant simulacrum (IceCv)
  2 spriggans (Depths:2)
  2 wyverns (Lair:5)
  2 vampires
  5 water elementals
  27 yaks
  Eustachio (D:4)
  A fire elemental (Elf:3)
  A steam dragon (Lair:3)
  7 vampire mosquitoes
  3 basilisks
  A warg (Orc:2)
  2 redbacks (Vaults:3)
  A harpy simulacrum (IceCv)
  Menkaure (D:5)
  2 swamp worms (Lair:2)
  2 acid dragons
  13 water moccasins
  A water moccasin (shapeshifter) (D:14)
  2 ice beasts
  22 orc warriors
  3 black bears
  A sky beast (D:8)
  9 ogres
  11 centaurs
  6 wolves
  2 kobold brigands
  2 elf zombies (Elf:1)
  A gnoll sergeant (D:8)
  9 bullfrogs
  An earth elemental (Elf:2)
  A scorpion (D:4)
  A cane toad simulacrum (IceCv)
  5 wights
  An oklob sapling (D:11)
  8 killer bees (D:9)
  An electric eel (D:8)
  8 howler monkeys
  2 jellies (D:6)
  4 lava snakes (Lair:3)
  2 bombardier beetles (D:6)
  4 hounds
  16 orc priests
  2 gnoll boudas (D:7)
  A sleepcap (D:7)
  3 iguanas
  15 orc wizards
  A hell rat (D:9)
  14 gnolls
  7 adders
  A river rat (D:9)
  2 shadow imps
  A white imp (Gauntlet)
  An ufetubus (D:6)
  5 ribbon worms
  3 dart slugs
  52 orcs
  7 ball pythons
  2 endoplasms
  A giant cockroach (D:4)
  3 goblins (D:3)
  10 hobgoblins
  4 jackals
  2 quokkas (D:9)
  14 kobolds
  4 rats
604 creatures vanquished.

Vanquished Creatures (others)
  A deep elf knight (Elf:1)
  A tengu simulacrum (Depths:2)
  A bloated husk (Swamp:2)
  169 blazeheart cores
  5 foxfires (Swamp:2)
177 creatures vanquished.

Grand Total: 1913 creatures vanquished

Table legend: (Time is in decaauts)
 A = Elapsed time spent in this place.
 B = Non-inter-level travel time spent in this place.
 C = Inter-level travel time spent in this place.
 D = Time resting spent in this place.
 E = Time spent auto-exploring this place.
 F = Levels seen in this place.
 G = Mean time per level.
                   A        B        C        D        E       F      G
               +--------+--------+--------+--------+--------+-----+--------+
         Total |  98061 |  86711 |  11350 |  16303 |  56717 |  48 | 2042.9 |
       Dungeon |  28374 |  23325 |   5049 |   3592 |  15437 |  15 | 1891.6 |
        Temple |     56 |      1 |     55 |      0 |      0 |   1 |   56.0 |
          Lair |  10133 |   9294 |    839 |   1136 |   6432 |   5 | 2026.6 |
         Swamp |   7926 |   7649 |    277 |   2359 |   4549 |   4 | 1981.5 |
     Snake Pit |   9997 |   9445 |    552 |   2429 |   6039 |   4 | 2499.2 |
  Orcish Mines |   4281 |   3198 |   1083 |    652 |   1690 |   2 | 2140.5 |
   Elven Halls |   8033 |   7416 |    617 |    362 |   6092 |   3 | 2677.7 |
        Vaults |  14585 |  13012 |   1573 |    715 |  10529 |   5 | 2917.0 |
        Depths |  12255 |  10953 |   1302 |   4528 |   4861 |   4 | 3063.8 |
         Trove |     70 |     70 |      0 |      0 |      7 |   1 |   70.0 |
      Ice Cave |   1256 |   1256 |      0 |    393 |    499 |   1 | 1256.0 |
       Volcano |    373 |    373 |      0 |      0 |    247 |   1 |  373.0 |
        Wizlab |     24 |     24 |      0 |      0 |      0 |   1 |   24.0 |
      Gauntlet |    693 |    693 |      0 |    134 |    329 |   1 |  693.0 |
               +--------+--------+--------+--------+--------+-----+--------+

Top non-repeatable levels by time:
Depths:3: 5157 daAuts
    D:14: 4558 daAuts
Vaults:3: 4095 daAuts
Vaults:4: 3599 daAuts
Vaults:1: 3513 daAuts
Vaults:2: 3320 daAuts
 Snake:3: 3281 daAuts
   Elf:3: 3277 daAuts
   Elf:1: 3215 daAuts
   Orc:2: 3129 daAuts
     D:9: 3000 daAuts
Depths:1: 2940 daAuts
 Snake:4: 2505 daAuts
 Swamp:4: 2399 daAuts
 Snake:1: 2380 daAuts

Table legend:
 A = Non-vault XP
 B = Vault XP
 C = Vault XP percentage of total XP
 D = Non-vault monster count
 E = Vault monster count
 F = Vault count percentage of total count
                 A         B        C        D         E       F
            +---------+---------+-------+---------+---------+-------
      Total |  520197 |  362600 |  41.1 |    1159 |     572 |  33.0
            +---------+---------+-------+---------+---------+-------
        D:1 |      18 |       2 |  10.0 |       8 |       1 |  11.1
        D:2 |      40 |       0 |   0.0 |      18 |       0 |   0.0
        D:3 |     221 |       0 |   0.0 |      24 |       0 |   0.0
        D:4 |     195 |     197 |  50.3 |      13 |       1 |   7.1
        D:5 |     650 |     165 |  20.2 |      14 |       1 |   6.7
        D:6 |     936 |    2077 |  68.9 |      19 |      18 |  48.6
        D:7 |     742 |     520 |  41.2 |      20 |       1 |   4.8
        D:8 |     740 |       0 |   0.0 |      19 |       0 |   0.0
        D:9 |    2573 |    3251 |  55.8 |      48 |      18 |  27.3
       D:10 |     646 |     844 |  56.6 |      13 |       4 |  23.5
       D:11 |    3220 |    1498 |  31.8 |      19 |      19 |  50.0
       D:12 |    7464 |       0 |   0.0 |      23 |       0 |   0.0
       D:13 |    9728 |       0 |   0.0 |      21 |       0 |   0.0
       D:14 |    7489 |   12522 |  62.6 |      25 |      29 |  53.7
       D:15 |   12419 |    6823 |  35.5 |      26 |       9 |  25.7
     Lair:1 |    8485 |    3642 |  30.0 |      29 |       8 |  21.6
     Lair:2 |    8961 |    6071 |  40.4 |      32 |      15 |  31.9
     Lair:3 |    6756 |    4196 |  38.3 |      27 |      16 |  37.2
     Lair:4 |    2733 |       0 |   0.0 |      13 |       0 |   0.0
     Lair:5 |   14010 |   11252 |  44.5 |      40 |      25 |  38.5
    Swamp:1 |   11193 |    1758 |  13.6 |      22 |       4 |  15.4
    Swamp:2 |   16859 |       0 |   0.0 |      35 |       0 |   0.0
    Swamp:3 |   14159 |    4961 |  25.9 |      29 |       5 |  14.7
    Swamp:4 |   14795 |   29059 |  66.3 |      23 |      35 |  60.3
    Snake:1 |    8235 |   12158 |  59.6 |      17 |      20 |  54.1
    Snake:2 |   13972 |    1499 |   9.7 |      30 |       1 |   3.2
    Snake:3 |   13698 |     421 |   3.0 |      34 |       1 |   2.9
    Snake:4 |   16844 |   13824 |  45.1 |      33 |      18 |  35.3
      Orc:1 |    5198 |     668 |  11.4 |      43 |       1 |   2.3
      Orc:2 |    3644 |   11195 |  75.4 |      30 |      45 |  60.0
      Elf:1 |   13214 |    9837 |  42.7 |      20 |      20 |  50.0
      Elf:2 |   11470 |    1662 |  12.7 |      18 |       2 |  10.0
      Elf:3 |    7256 |   45462 |  86.2 |      15 |      37 |  71.2
   Vaults:1 |   18978 |   20742 |  52.2 |      25 |      30 |  54.5
   Vaults:2 |   36024 |   13668 |  27.5 |      50 |      16 |  24.2
   Vaults:3 |   27439 |   30082 |  52.3 |      39 |      42 |  51.9
   Vaults:4 |   39413 |   28438 |  41.9 |      52 |      33 |  38.8
   Vaults:5 |    1033 |    5133 |  83.2 |       2 |       4 |  66.7
   Depths:1 |   42824 |    8439 |  16.5 |      53 |       7 |  11.7
   Depths:2 |   36801 |   31050 |  45.8 |      44 |      26 |  37.1
   Depths:3 |   58864 |    9658 |  14.1 |      70 |       9 |  11.4
   Depths:4 |   20258 |   17480 |  46.3 |      24 |      15 |  38.5
      IceCv |       0 |    6661 | 100.0 |       0 |      24 | 100.0
    Volcano |       0 |    1903 | 100.0 |       0 |       5 | 100.0
     WizLab |       0 |    1014 | 100.0 |       0 |       2 | 100.0
   Gauntlet |       0 |    2768 | 100.0 |       0 |       5 | 100.0
            +---------+---------+-------+---------+---------+-------
